 Dungeon Crawl Stone Soup version 0.26.1-2-gb8aa6d0cf2 (webtiles) character file.

Game seed: 16321191023913922202

20311 Goblin1989 the Grappler (level 12, 0/123 HPs)
             Began as a Troll Hunter on Feb 14, 2021.
             Was an Initiate of Gozag.
             Shot with an arrow by Nessos (4 damage)
             ... on level 12 of the Dungeon on Feb 15, 2021.
             The game lasted 00:29:56 (13482 turns).

Goblin1989 the Grappler (Troll Hunter)             Turns: 13482, Time: 00:29:57

Health: 0/123      AC: 11    Str: 25    XL:     12   Next: 44%
Magic:  11/11      EV: 13    Int:  9    God:    Gozag
Gold:   1863       SH:  0    Dex: 10    Spells: 11/11 levels left

rFire    . . .     SeeInvis .     - Unarmed
rCold    + . .     Faith    .   (no shield)
rNeg     . . .     Spirit   .   B - +2 robe {Will+}
rPois    .         Reflect  .   y - +1 hat
rElec    .         Harm     .   F - +1 cloak
rCorr    .         Rampage  .   (gloves unavailable)
Will     +....                  (boots unavailable)
Stlth    +.........             (no amulet)
HPRegen  0.70/turn              l - ring of flight
MPRegen  0.12/turn              c - ring of protection from cold

@: lethally poisoned (0 -> -11)
A: large, unfitting armour, claws 3, regeneration 1, shaggy fur 1, tough skin 3
a: Renounce Religion, Evoke Flight, Potion Petition, Call Merchant, Bribe Branch


You were on level 12 of the Dungeon.
You worshipped Gozag.
Gozag was most pleased with you.
You visited 3 branches of the dungeon, and saw 14 of its levels.

You collected 3257 gold pieces.
You spent 112 gold pieces at shops.
You paid 1282 gold pieces to Gozag.

Inventory:

Hand Weapons
 r - the +8 rapier of the Distant Future {vorpal, rC+ Int+3}
   (You found it on level 10 of the Dungeon)

   It inflicts extra damage upon your enemies.
   It affects your intelligence (+3).
   It protects you from cold.
Missiles
 q - 6 boomerangs of dispersal
 t - 11 boomerangs
 w - 23 poisoned darts
 P - 5 atropa-tipped darts
 Q - a javelin (quivered) {@Q2}
 X - 7 large rocks {!d, @Q4}
 Z - 3 throwing nets {!d , @Q1}
Armour
 y - a +1 hat (worn)
 B - a +2 robe of willpower (worn)
 F - a +1 cloak (worn)
Jewellery
 c - a ring of protection from cold (right claw)
 l - a ring of flight (left claw)
 v - an uncursed ring of ice
 z - an uncursed ring of poison resistance {unknown}
 C - an uncursed ring of positive energy {unknown}
 V - an uncursed ring of wizardry
Wands
 n - a wand of digging (7) {@v1}
 o - a wand of flame (9) {@v6}
Scrolls
 p - a scroll of vulnerability {unknown}
 s - a scroll of silence
 E - 4 scrolls of blinking {unknown}
 G - 2 scrolls of fog
 I - 3 scrolls of immolation
 M - 2 scrolls of magic mapping
 R - 3 scrolls of identify {@r1}
 S - 2 scrolls of enchant armour
 T - 6 scrolls of teleportation {!r, @r2}
 U - a scroll of amnesia
 Y - 3 scrolls of remove curse {@r3}
Potions
 m - a potion of cancellation {unknown}
 u - a potion of mutation {!q}
 x - 2 potions of attraction
 A - 2 potions of magic
 D - 2 potions of lignification
 H - 3 potions of resistance {@q6}
 J - 7 potions of curing {@q1}
 K - 2 potions of heal wounds {@q2}
 L - 2 potions of ambrosia
 N - 3 potions of haste
 O - a potion of berserk rage
 W - 2 potions of flight


   Skills:
 + Level 9.0 Fighting
 - Level 4.0 Throwing
 * Level 1.7 Armour
 + Level 9.0 Dodging
 - Level 0.3 Stealth
 * Level 14.0 Unarmed Combat


You had 11 spell levels left.
You didn't know any spells.
Your spell library contained the following spells:

 Spells                   Type           Power        Failure   Level
 Animate Skeleton         Necr           0%           38%         1
 Apportation              Tloc           0%           38%         1
 Corona                   Hex            0%           38%         1
 Sting                    Tmut/Pois      0%           38%         1
 Summon Small Mammal      Summ           0%           38%         1
 Ensorcelled Hibernation  Hex/Ice        0%           52%         2
 Poisonous Vapours        Pois/Air       0%           52%         2
 Confusing Touch          Hex            0%           77%         3
 Dazzling Flash           Conj/Hex       0%           77%         3
 Gell's Gravitas          Tloc           0%           77%         3
 Ignite Poison            Fire/Tmut/Pois 0%           77%         3
 Mephitic Cloud           Conj/Pois/Air  0%           77%         3
 Portal Projectile        Hex/Tloc       0%           77%         3
 Tukima's Dance           Hex            0%           77%         3
 Olgreb's Toxic Radiance  Pois           0%           99%         4
 Dispersal                Tloc           0%           100%        6
 Disjunction              Tloc           0%           100%        8


Dungeon Overview and Level Annotations

Branches:
Dungeon (12/15)            Temple (1/1) D:6            Lair (0/6) D:11
    Orc (1/2) D:9

Altars:
Ashenzari
Cheibriados
Dithmenos
Elyvilon
Fedhas
Gozag
Hepliaklqana
Kikubaaqudgha
Makhleb
Nemelex Xobeh
Okawaru
Qazlal
Ru
Sif Muna
Trog
Uskayaw
Vehumet
Wu Jian
Xom
Yredelemnul
Zin
The Shining One

Shops:
D:5 (   D:9 *   D:10 [

Portals:
Trove: D:10 (give hunting sling "Dutuex Cexi")

Annotations:
D:4 1 runed translucent door, Crazy Yiuf
D:12 Nessos
Orc:1 Jorgrun


Innate Abilities, Weirdness & Mutations

You are too large for most types of armour.
You have claws for hands.
Your natural rate of healing is unusually fast.
You are covered in fur. (AC +1)
You have extremely tough skin. (AC +3)


Message History

You see here an arrow.
Nessos blinks!
Nessos shoots an arrow.
The arrow closely misses you.
You see here an arrow.
Okay, then.
Throw: 13 large rocks {!d, @Q4}
Press: ? - help, Q - select action, (/) - cycle Shift-Dir - straight line, f - Nessos
Aim: Nessos, wielding a +1 longbow of flaming, wearing a +0 barding and quivering 20 arrows (73% to hit)
You throw a large rock {!d, @Q4}. The large rock {!d, @Q4} hits Nessos.
Nessos is lightly wounded.
You hear a shout!
Nessos blinks!
Nessos shoots an arrow.
The arrow hits you. The arrow burns you.
You are poisoned.
You take 6 damage, and have 115/123 hp.
Throw: 12 large rocks {!d, @Q4}
Press: ? - help, Q - select action, (/) - cycle Shift-Dir - straight line, f/p - Nessos
Aim: Nessos, wielding a +1 longbow of flaming, wearing a +0 barding and quivering 19 arrows (lightly wounded, 73% to hit)
You throw a large rock {!d, @Q4}. The large rock {!d, @Q4} hits Nessos!!
Nessos is moderately wounded.
You feel sick.
You hear a shout!
Nessos shoots an arrow.
The arrow barely misses you.
A troll comes into view.
Nessos shoots an arrow.
The arrow hits you. The arrow burns you.
You take 9 damage, and have 106/123 hp.
Throw: 11 large rocks {!d, @Q4}
Press: ? - help, Q - select action, (/) - cycle Shift-Dir - straight line, f/p - Nessos
Aim: Nessos, wielding a +1 longbow of flaming, wearing a +0 barding and quivering 17 arrows (moderately wounded, 73% to hit)
You throw a large rock {!d, @Q4}. The troll shouts!
The large rock {!d, @Q4} hits Nessos but does no damage.
Nessos is moderately wounded.
You feel sick.
Nessos shoots an arrow.
The arrow hits you but does no damage.
Nessos shoots an arrow.
The arrow hits you! The arrow burns you.
You are more poisoned.
An ogre comes into view. It is wielding a +0 giant spiked club.
You take 8 damage, and have 98/123 hp.
Throw: 10 large rocks {!d, @Q4}
Press: ? - help, Q - select action, (/) - cycle Shift-Dir - straight line, f/p - Nessos
Aim: Nessos, wielding a +1 longbow of flaming, wearing a +0 barding and quivering 15 arrows (moderately wounded, 73% to hit)
You throw a large rock {!d, @Q4}. The large rock {!d, @Q4} hits Nessos!
Nessos is heavily wounded.
You feel sick.
Nessos shoots an arrow.
The arrow hits you. The arrow burns you.
You are more poisoned.
Nessos shoots an arrow.
The arrow hits you! The arrow burns you.
You are more poisoned.
You take 14 damage, and have 84/123 hp.
Throw: 9 large rocks {!d, @Q4}
Press: ? - help, Q - select action, (/) - cycle Shift-Dir - straight line, f/p - Nessos
Aim: Nessos, wielding a +1 longbow of flaming, wearing a +0 barding and quivering 13 arrows (heavily wounded, 73% to hit)
You throw a large rock {!d, @Q4}. The large rock {!d, @Q4} hits Nessos!!
Nessos is severely wounded.
You feel very sick.
Nessos mumbles some strange words.
Nessos seems to speed up.
Nessos shoots an arrow.
The arrow hits you! The arrow burns you.
You are more poisoned.
Nessos shoots an arrow.
The arrow closely misses you.
You take 16 damage, and have 68/123 hp.
Throw: 8 large rocks {!d, @Q4}
Press: ? - help, Q - select action, (/) - cycle Shift-Dir - straight line, f/p - Nessos
Aim: Nessos, wielding a +1 longbow of flaming, wearing a +0 barding and quivering 11 arrows (severely wounded, fast, 73% to hit)
You throw a large rock {!d, @Q4}.
The large rock {!d, @Q4} hits the troll!
The troll is moderately wounded.
You feel extremely sick.
An adder comes into view.
You take 5 damage, and have 63/123 hp.
Throw: 2 javelins {@Q2}
Press: ? - help, Q - select action, (/) - cycle Shift-Dir - straight line, f/p - Nessos
Aim: Nessos, wielding a +1 longbow of flaming, wearing a +0 barding and quivering 11 arrows (severely wounded, fast, 73% to hit)
You throw a javelin {@Q2}. The adder hisses angrily.
The javelin {@Q2} pierces through the troll.
The troll is moderately wounded.
The javelin {@Q2} pierces through Nessos but does no damage.
Nessos is severely wounded.
You feel very sick. The troll bites you!
* * * LOW HITPOINT WARNING * * *
The troll claws you.
* * * LOW HITPOINT WARNING * * *
The troll closely misses you.
Nessos blinks!
The troll bites you!
* * * LOW HITPOINT WARNING * * *
The troll barely misses you. The troll claws you but does no damage.
You take 29 damage, and have 34/123 hp.
MASSIVE DAMAGE!!
You feel better.
Nessos shoots an arrow.
The arrow hits you!!
* * * LOW HITPOINT WARNING * * *
The arrow burns you.
* * * LOW HITPOINT WARNING * * *
Nessos shoots an arrow.
The arrow barely misses you. The ogre completely misses you.
The troll closely misses you. The troll claws you but does no damage.
The troll claws you!
* * * LOW HITPOINT WARNING * * *
You take 17 damage, and have 17/123 hp.
Nessos shoots an arrow.
The arrow hits you!
* * * LOW HITPOINT WARNING * * *
The arrow burns you.
You are lethally poisoned!
You die...
Your body crumbles into a pile of gold.

....... █..█
.......████████████..█
.....................█
..............█████..█████
........████..█ █.......
.█████..█ █..█ █.......
█..█ █..█████.█████.
█..████........█ $
█..(@((...c....█
█...§TO...████.█
█....(....█ █.█
█....S...)█ █.█
█.........█ █.█
█.........█ █.█
█/...(....█ █..
.....(....(


You could see Nessos (fast), a troll, an ogre and an adder.

Vanquished Creatures
  Erica (D:11)
  A two-headed ogre (D:9)
  2 deep elf knights (D:11)
  A wizard (D:11)
  Pikel (D:6)
  An ugly thing (D:10)
  An orc sorcerer (D:8)
  A centaur zombie (D:11)
  3 trolls
  A tengu conjurer (D:10)
  Grinder (D:6)
  3 hornets
  Prince Ribbit (D:5)
  3 slime creatures (D:11)
  Sigmund (D:6)
  6 yaks (D:11)
  A wyvern (D:11)
  A steam dragon (D:11)
  19 wargs
  A soldier ant (D:11)
  An acid dragon (D:11)
  A water moccasin (D:11)
  6 ice beasts
  2 black bears
  18 orc warriors
  3 necrophages
  6 sky beasts
  2 phantoms (D:7)
  10 ogres
  20 centaurs
  3 lemures (D:5)
  3 big kobolds
  8 bullfrogs
  Blork the orc (D:4)
  2 scorpions
  22 wights
  A howler monkey (D:10)
  2 bullfrog zombies
  A jelly (D:11)
  4 hounds
  2 quasits
  10 orc priests
  2 bullfrog skeletons
  A centaur skeleton (D:4)
  3 iguanas
  13 orc wizards
  12 worker ants
  3 hound zombies
  A hound skeleton (D:8)
  A howler monkey zombie (D:7)
  A worker ant zombie (D:10)
  12 gnolls
  A howler monkey skeleton (D:10)
  10 adders
  2 shadow imps
  2 white imps
  2 ufetubi (D:6)
  2 oozes
  An adder zombie (D:6)
  An adder skeleton (D:6)
  2 worms (D:3)
  A dart slug (D:4)
  8 leopard geckos
  80 orcs
  6 bats
  4 giant cockroaches
  6 goblins
  8 hobgoblins
  19 jackals
  6 quokkas
  3 ball pythons
  6 frilled lizards
  19 kobolds
  A leopard gecko zombie (D:6)
  5 rats
422 creatures vanquished.

Vanquished Creatures (others)
  Joseph (D:11)
  A wight (D:11)
  17 fungi (D:6)
  5 plants (D:8)
24 creatures vanquished.

Grand Total: 446 creatures vanquished

Notes
Turn   | Place    | Note
-------+----------+-------------------------------------------
     0 | D:1      | Goblin1989 the Troll Hunter began the quest for the Orb.
     0 | D:1      | Reached XP level 1. HP: 19/19 MP: 0/0
    50 | D:1      | Reached XP level 2. HP: 28/28 MP: 1/1
    73 | D:1      | Reached skill level 1 in Unarmed Combat
   865 | D:2      | Reached XP level 3. HP: 35/35 MP: 2/2
  1308 | D:2      | Reached skill level 2 in Unarmed Combat
  1596 | D:3      | Reached XP level 4. HP: 34/42 MP: 3/3
  1676 | D:3      | Found a bloodstained altar of Trog.
  1676 | D:3      | Found a sacrificial altar of Ru.
  2247 | D:4      | Noticed a big kobold
  2261 | D:4      | Killed a big kobold
  2262 | D:4      | Reached skill level 3 in Unarmed Combat
  2262 | D:4      | Reached XP level 5. HP: 50/50 MP: 4/4
  2405 | D:4      | Noticed an ogre
  2412 | D:4      | Killed an ogre
  2413 | D:4      | Reached skill level 4 in Unarmed Combat
  2413 | D:4      | Reached XP level 6. HP: 46/59 MP: 5/5
  2653 | D:4      | Noticed Blork the orc
  2659 | D:4      | Killed Blork the orc
  2783 | D:4      | Found a runed translucent door.
  2784 | D:4      | Noticed Crazy Yiuf
  3098 | D:4      | Reached XP level 7. HP: 61/67 MP: 6/6
  3296 | D:5      | Entered Level 5 of the Dungeon
  3307 | D:5      | Reached skill level 5 in Unarmed Combat
  3530 | D:5      | Found a broken altar of Ashenzari.
  3573 | D:5      | Found a basalt altar of Yredelemnul.
  3613 | D:5      | Reached skill level 6 in Unarmed Combat
  3775 | D:5      | Reached XP level 8. HP: 32/77 MP: 7/7
  3965 | D:5      | Noticed Prince Ribbit
  3983 | D:5      | Killed Prince Ribbit
  4119 | D:5      | Reached skill level 7 in Unarmed Combat
  4300 | D:5      | Found Arufiare's Antique Weapon Boutique.
  4421 | D:6      | Found a staircase to the Ecumenical Temple.
  4435 | D:6      | Noticed Sigmund
  4734 | D:6      | Noticed Pikel
  4746 | D:6      | Noticed Grinder
  4759 | D:6      | Killed Grinder
  4760 | D:6      | Reached skill level 5 in Fighting
  4760 | D:6      | Reached skill level 5 in Dodging
  4760 | D:6      | Reached skill level 8 in Unarmed Combat
  4771 | D:6      | Killed Sigmund
  4772 | D:6      | Reached XP level 9. HP: 70/88 MP: 8/8
  4787 | D:6      | Killed Pikel
  4796 | Temple   | Entered the Ecumenical Temple
  4852 | Temple   | Became a worshipper of Gozag Ym Sagoz the Greedy
  5140 | D:6      | Reached skill level 9 in Unarmed Combat
  6512 | D:7      | Reached skill level 10 in Unarmed Combat
  6580 | D:7      | Reached XP level 10. HP: 94/98 MP: 9/9
  7138 | D:8      | Paralysed by a hornet for 2 turns
  7142 | D:8      | Paralysed by a hornet for 1 turns
  7395 | D:8      | Reached skill level 11 in Unarmed Combat
  7697 | D:8      | Noticed an orc sorcerer
  8058 | D:8      | Killed an orc sorcerer
  8567 | D:8      | Reached XP level 11. HP: 60/109 MP: 10/10
  9121 | D:8      | Reached skill level 12 in Unarmed Combat
  9179 | D:9      | Noticed a two-headed ogre
  9189 | D:9      | Killed a two-headed ogre
  9259 | D:9      | Found a staircase to the Orcish Mines.
  9384 | D:9      | Found a shimmering blue altar of Sif Muna.
 10267 | D:9      | Bought a scroll of silence for 112 gold pieces
 10309 | D:10     | Entered Level 10 of the Dungeon
 10391 | D:10     | Got an iridescent rapier
 10392 | D:10     | Identified the +8 rapier of the Distant Future {vorpal, rC+
                  | Int+3} (You found it on level 10 of the Dungeon)
 10626 | D:10     | Found Zuitetan's Antique Armour Emporium.
 10829 | D:10     | Found a portal to a secret trove of treasure.
 11184 | D:11     | Noticed a deep elf knight
 11186 | D:11     | Noticed Joseph
 11188 | D:11     | Noticed a deep elf knight
 11197 | D:11     | Killed Joseph
 11200 | D:11     | Noticed Erica
 11204 | D:11     | Killed a deep elf knight
 11205 | D:11     | Reached skill level 13 in Unarmed Combat
 11220 | D:11     | Killed a deep elf knight
 11424 | D:11     | Noticed a wizard
 11437 | D:11     | Killed a wizard
 11487 | D:11     | Killed Erica
 11488 | D:11     | Reached XP level 12. HP: 28/122 MP: 11/11
 12522 | D:11     | Paralysed by a hornet for 1 turns
 12670 | D:11     | Reached skill level 1 in Armour
 12710 | D:11     | Found a staircase to the Lair.
 12781 | D:11     | Reached skill level 14 in Unarmed Combat
 13004 | Orc:1    | Entered Level 1 of the Orcish Mines
 13109 | Orc:1    | Noticed Jorgrun
 13444 | D:12     | Noticed Nessos
 13482 | D:12     | HP: 4/123 [Nessos/arrow (14)]
 13482 | D:12     | Shot with an arrow by Nessos

Illustrated notes

Levels and vault maps discovered:
D:1:      erik_arrival_cave_to_civilisation [erik_arrival_cave_to_temple],
          layout_basic
D:2:      layout_basic
D:3:      layout_basic, chequers_temple_overflow_statue_of_worship
D:4:      layout_loops_corners, minmay_bent, uniq_crazy_yiuf_cottage,
          uniq_blork_the_orc
D:5:      layout_gridville, ashenzari_conservatory_becter, lemuel_crystal_altar,
          minmay_misc_feat_hallway, minmay_misc_feat_columns,
          kennysheep_diamond, minmay_misc_feat_four_crosses,
          grunt_ministairs_10, uniq_prince_ribbit1
D:6:      layout_loops_ring, minmay_temple_entry_mini_moons, serial_aquarium,
          aquarium_bridge_island_small [aquarium_subvault_small_water,
          aquarium_subvault_window, aquarium_subvault_window,
          aquarium_subvault_bridge, aquarium_subvault_bridge],
          aquarium_bridge_straight [aquarium_subvault_bridge,
          aquarium_subvault_wall, aquarium_subvault_bridge,
          aquarium_subvault_balcony], aquarium_window_corridor_2,
          aquarium_window_1, aquarium_window_double, aquarium_view_2d,
          minmay_pentangle, uniq_sigmund, uniq_grinder, uniq_pikel
D:7:      cheibrodos_barr_body, layout_gridville
D:8:      lemuel_castle_with_subvaults [lemuel_castle_interior_carwin_2],
          layout_loops_ring
D:9:      layout_stronghold, david_orc_1_choice, basic_altar
D:10:     layout_loops_ring, nicolae_trove_entry_free_sample, serial_shops,
          shop_statue
D:11:     layout_stronghold, lair_entry_dummy, sword_in_stone
D:12:     layout_small_grid, gammafunk_ghost_grave, corexii_corridor_pit,
          doesnt_xom_only_xom, uniq_kirke, uniq_snorg, uniq_sonja, uniq_nessos
Temple:   compressed_dpeg_circular_temple
Orc:1:    layout_caves, serial_shops, nicolae_shop_stone, basic_altar,
          uniq_jorgrun

Skill      XL: |  1  2  3  4  5  6  7  8  9 10 11 12 |
---------------+-------------------------------------+-----
Unarmed Combat | 1 2 3 4 6 8 10 11 13 14 | 14.0
Dodging        | 2 3 4 5 6 7 8 9 |  9.0
Fighting       | 2 3 4 5 6 7 8 9 |  9.0
Throwing       | 4 |  4.0
Armour         | 1 |  1.7
Stealth        | |  0.3

Action                   |  1- 3 |  4- 6 |  7- 9 | 10-12 || total
-------------------------+-------+-------+-------+-------++-------
Melee: Unarmed           |   156 |   121 |   325 |   809 ||  1411
       Punch             |     1 |     2 |    10 |    48 ||    61
Throw: Dart              |       |       |       |     2 ||     2
       Large rock        |       |       |       |     6 ||     6
       Javelin           |       |       |       |     1 ||     1
Invok: Potion Petition   |       |       |       |     1 ||     1
       Call Merchant     |       |       |       |     1 ||     1
  Use: Scroll            |       |     4 |       |    15 ||    19
       Potion            |       |       |       |     3 ||     3
 Stab: Sleeping          |     1 |     2 |       |       ||     3
       Distracted        |       |       |       |     2 ||     2
       Invisible         |       |       |       |     4 ||     4
Armor: Robe              |   107 |    30 |   109 |   197 ||   443
Dodge: Dodged            |   110 |    54 |   183 |   421 ||   768
